 Dungeon Crawl Stone Soup version 0.21.1-1-g345015f (webtiles) character file.

12 Monsterracer the Insei (level 2, -16/21 HPs)
             Began as an Octopode Chaos Knight on Feb 13, 2018.
             Demolished by a gnoll
             ... wielding a +0 halberd
              (19 damage)
             ... on level 1 of the Dungeon.
             The game lasted 00:00:32 (400 turns).

Monsterracer the Insei (Octopode Chaos Knight)       Turns: 400, Time: 00:00:33

Health: -16/21     AC:  1    Str: 11    XL:     2   Next: 33%
Magic:  2/2        EV: 13    Int: 14    God:    Xom [..*...]
Gold:   41         SH:  0    Dex: 11    Spells: 1/1 levels left

rFire    . . .     SeeInvis .     - Unarmed
rCold    . . .     Gourm    .   (no shield)
rNeg     . . .     Faith    .   (helmet restricted)
rPois    .         Spirit   .   (no amulet)
rElec    .         Reflect  .   (no ring)
rCorr    .         Harm     .   (no ring)
MR       .....                  (no ring)
Stlth    ++........             (no ring)
HPRegen  0.07/turn              (no ring)
MPRegen  0.08/turn              (no ring)
                                (no ring)
                                (no ring)

@: no status effects
A: almost no armour, stealthy swim, amphibious, 8 rings, constrict 8, camouflage
1, gelatinous body 1
a: Renounce Religion


You were on level 1 of the Dungeon.
You worshipped Xom.
You were a toy of Xom.
You were not hungry.

You visited 1 branch of the dungeon, and saw 1 of its levels.

You collected 41 gold pieces.

Inventory:

Scrolls
 a - a scroll of enchant weapon {unknown}
 e - a scroll of amnesia {unknown}
Potions
 b - 2 potions of flight {unknown}
 d - a potion of haste {unknown}
Comestibles
 c - a ration


   Skills:
 + Level 3.1 Fighting
 + Level 2.5 Dodging
 + Level 1.0 Stealth
 * Level 3.3 Unarmed Combat


You had one spell level left.
You didn't know any spells.

Dungeon Overview and Level Annotations

Branches:
Dungeon (1/15)

Altars:


Innate Abilities, Weirdness & Mutations

You cannot wear most types of armour.
You are very stealthy in the water. (Stealth+)
You are amphibious.
You can wear up to eight rings at the same time.
You can use your tentacles to constrict eight enemies at once.
Your skin changes colour to match your surroundings (Stealth+).
Your rubbery body absorbs attacks. (AC +1, EV +1)


Message History

A bat is nearby!
A bat is nearby!
A jackal comes into view.
The bat hits you.
You take 1 damage, and have 15/16 hp.
You miss the bat. You grab the bat. You constrict the bat.
The jackal barks!
You hear a bark!
The bat closely misses you. x2
A jackal comes into view.
You tentacle-slap the bat.
The bat is severely wounded.
You constrict the bat.
You kill the bat!
You have reached level 2!
A jackal comes into view.
You regained 4 hp, and now have 19/21 hp.
MP restored: 2 You see here a bat corpse.
The jackal bites you.
You tentacle-slap the jackal but do no damage.
Your grab misses the jackal. The jackal barely misses you.
You tentacle-slap the jackal but do no damage.
You grab the jackal. You constrict the jackal.
The jackal completely misses you.
You tentacle-slap the jackal but do no damage.
The jackal is lightly wounded.
You constrict the jackal. The jackal closely misses you.
A kobold comes into view. It is wielding a whip.
You barely miss the jackal.
The jackal is heavily wounded.
You constrict the jackal, but do no damage.
The jackal bites you.
The jackal bites you but does no damage.
You take 1 damage, and have 18/21 hp.
You tentacle-slap the jackal but do no damage.
The jackal is heavily wounded.
You constrict the jackal. The jackal bites you.
You take 2 damage, and have 16/21 hp.
You tentacle-slap the jackal.
You kill the jackal!
You barely miss the jackal. Your grab misses the jackal.
Your squeeze misses the jackal. The jackal closely misses you.
You closely miss the jackal. Your grab misses the jackal.
The jackal closely misses you. The jackal barely misses you.
You tentacle-slap the jackal.
You kill the jackal!
Your Stealth skill increases to level 1!
The jackal barely misses you.
You barely miss the jackal. You grab the jackal.
You tentacle-slap the jackal, but do no damage.
You constrict the jackal. The jackal closely misses you.
You tentacle-slap the jackal.
You kill the jackal!
The kobold throws a stone.
The stone closely misses you. The kobold hits you with a whip.
Found 15 stones.
You see here a jackal corpse.
You take 5 damage, and have 11/21 hp.
MASSIVE DAMAGE!!
You tentacle-slap the kobold. You grab the kobold.
The kobold is severely wounded.
You constrict the kobold.
You kill the kobold!
Unknown command.
Things that are here:
a whip; 2 stones Key pressed, stopping explore.
You now have 41 gold pieces (gained 17).
e - a scroll labeled TOOBRA PAUR Health restored: 21
Found a stone staircase leading down.
A gnoll comes into view. It is wielding a halberd.
A kobold comes into view. It is wielding a club.
The gnoll shouts!
The kobold shouts!
The kobold throws a stone.
The stone hits you.
A goblin comes into view.
There is a stone staircase leading down here.
You see here a stone.
You take 1 damage, and have 20/21 hp.
Health restored: 21 The kobold throws a stone.
The stone hits you.
You see here a stone.
You take 2 damage, and have 19/21 hp.
Things that are here:
a whip; 2 stones You see here a jackal corpse.
You see here a bat corpse.
You see here a stone.
The gnoll hits you with a halberd!
Ouch! That really hurt!
* * * LOW HITPOINT WARNING * * *
You see here a stone.
You take 17 damage, and have 3/21 hp.
MASSIVE DAMAGE!!
You closely miss the gnoll. Your grab misses the gnoll.
The gnoll barely misses you.
You tentacle-slap the gnoll. You grab the gnoll.
The gnoll is moderately wounded.
You constrict the gnoll. The gnoll hits you with a halberd!!
Ouch! That really hurt!
You die...
Xom snickers!

...# #.###.# #.......#
...###†....# #.......#
.........########.......#
....##......>...........#
....##.#.########.......#
.....#.#.# #.......# ...#.#.#.#
#.......##
####†..#.##############..########
................@gK.†.†).....(...
......##...##############....(...
....#...##........ #########
....###.########## ....#
#.######## ....# #......... #####
##########


You could see a gnoll and a kobold.

Vanquished Creatures
  A dart slug (D:1)
  A bat (D:1)
  2 giant cockroaches (D:1)
  3 jackals (D:1)
  A kobold (D:1)
8 creatures vanquished.

Notes
Turn   | Place    | Note
-------+----------+-------------------------------------------
     0 | D:1      | Monsterracer the Octopode Chaos Knight began the quest for the Orb.
     0 | D:1      | Reached XP level 1. HP: 16/16 MP: 1/1
   203 | D:1      | Reached XP level 2. HP: 19/21 MP: 2/2
   214 | D:1      | Reached skill level 1 in Stealth
   398 | D:1      | HP: 3/21 [gnoll/halberd (17)]
   400 | D:1      | Demolished by a gnoll

Skill      XL: |  1  2 |
---------------+-------+-----
Stealth        | 1 |  1.0
Fighting       | |  3.1
Dodging        | |  2.5
Unarmed Combat | |  3.3

Action                   || total
-------------------------++-------
Melee: Unarmed           ||    23
       Constrict         ||     8
       Tentacles         ||     2
       Punch             ||     2
Armor: Skin              ||     3
Dodge: Dodged            ||    15

Vault maps used:
D:1:      shiori_arrival_maze
